 Dungeon Crawl Stone Soup version 0.28-a0-245-g639a1a48b9 (webtiles) character file.

Game seed: 1574768085610237686

943 Lochraine the Sneak (level 8, -22/46 HPs)
             Began as an Octopode Conjurer on Aug 24, 2021.
             Was an Initiate of Fedhas.
             Annihilated by a shadow (31 damage)
             ... on level 5 of the Dungeon.
             The game lasted 00:14:28 (5788 turns).

Lochraine the Sneak (Octopode Conjurer)             Turns: 5788, Time: 00:14:28

Health: -22/46     AC:  1    Str:  6    XL:     8   Next: 12%
Magic:  5/14       EV: 13    Int: 22    God:    Fedhas [......]
Gold:   89         SH:  0    Dex: 11    Spells: 2/15 levels left

rFire   . . .      SeeInvis .   b - staff of poison
rCold   . . .      Faith    .   (no shield)
rNeg    + . .      Spirit   .   (helmet restricted)
rPois   +          Reflect  .   (no amulet)
rElec   .          Harm     .   m - ring of positive energy
rCorr   .          Rampage  .   p - ring of poison resistance
Will    .....                   (no ring)
Stlth   ++++......              (no ring)
HPRegen 0.15/turn               (no ring)
MPRegen 0.14/turn               (no ring)
                                (no ring)
                                (no ring)

@: no status effects
A: almost no armour, amphibious, 8 rings, camouflage 1, gelatinous body 1,
(nimble swimmer 1), tentacles
a: Renounce Religion


You were on level 5 of the Dungeon.
You worshipped Fedhas.
Fedhas was noncommittal.
You visited 2 branches of the dungeon, and saw 8 of its levels.

You collected 179 gold pieces.
You spent 90 gold pieces at shops.

Inventory:

Hand Weapons
 a - a +0 long sword
   (You found it on level 1 of the Dungeon)
 e - a +0 short sword
   (You took it off a kobold on level 1 of the Dungeon)
 o - a +4 scythe of venom
   (You took it off Sigmund on level 3 of the Dungeon)
Missiles
 x - a throwing net
Magical Staves
 b - a staff of poison (weapon)
   (You found it on level 4 of the Dungeon)
 d - a staff of fire
   (You found it on level 1 of the Dungeon)
Jewellery
 m - a ring of positive energy (left tentacle)
   (You found it on level 2 of the Dungeon)
 p - a ring of poison resistance (right tentacle)
   (You found it on level 3 of the Dungeon)
Scrolls
 f - 4 scrolls of teleportation {@r4}
 g - a scroll of magic mapping {unknown}
 h - a scroll of immolation {unknown}
 l - a scroll of enchant weapon {unknown}
 q - a scroll of fog {unknown}
 u - a scroll of enchant armour {unknown}
 v - a scroll of noise {unknown}
 w - 2 scrolls of identify {unknown}
Potions
 c - 2 potions of curing {@q1}
 i - 2 potions of degeneration {unknown}
 j - a potion of heal wounds {unknown}
 k - a potion of berserk rage {unknown}
 n - a potion of lignification {unknown}
 r - a potion of mutation {unknown}
 s - a potion of resistance {unknown}
 t - a potion of flight {unknown}


   Skills:
 + Level 2.6 Dodging
 - Level 6.3 Stealth
 + Level 4.4 Spellcasting
 + Level 5.9 Conjurations
 + Level 2.4 Hexes
 + Level 1.4 Transmutations
 + Level 3.0 Poison Magic
 + Level 1.6 Invocations


You had 2 spell levels left.
You knew the following spells:

 Your Spells              Type           Power      Damage    Failure   Level
a - Magic Dart            Conj           100%       1d8       1%          1
b - Searing Ray           Conj           62%        3d5       1%          2
c - Dazzling Flash        Conj/Hex       46%        N/A       6%          3
d - Poisonous Vapours     Pois/Air       34%        N/A       9%          2
e - Olgreb's Toxic Radia  Pois           27%        N/A       30%         4
f - Sting                 Tmut/Pois      88%        1d7       4%          1

Your spell library contained the following spells:

 Spells                   Type           Power      Damage    Failure   Level
 Slow                     Hex            15%        N/A       6%          2
 Ensorcelled Hibernation  Hex/Ice        20%        N/A       10%         2
 Confusing Touch          Hex            15%        N/A       12%         3
 Spider Form              Tmut/Pois      11%        N/A       13%         3
 Fulminant Prism          Conj/Hex       11%        3d9       19%         4
 Iskenderun's Mystic Bla  Conj/Tloc      18%        2d6       30%         4
 Yara's Violent Unravell  Hex/Tmut       6%         3d5       80%         5
 Shadow Creatures         Summ           N/A        N/A       100%        6


Dungeon Overview and Level Annotations

Branches:
Dungeon (7/15)             Temple (1/1) D:4

Altars:
Ashenzari
Dithmenos
Elyvilon
Fedhas
Gozag
Hepliaklqana
Okawaru
Qazlal
Trog
Wu Jian
Xom
Zin


Innate Abilities, Weirdness & Mutations

You cannot wear most types of armour.
You are amphibious.
You can wear up to eight rings at the same time.
Your skin changes colour to match your surroundings (Stealth+).
Your rubbery body absorbs attacks. (AC +1, EV +1)
((You are camouflaged near water. (Stealth+)))
You have tentacles for arms and can constrict up to eight enemies at once.


Message History

(Press . to maintain the ray.)
The searing ray hits the water moccasin!
The water moccasin bites you.
The searing ray hits the water moccasin!
You kill the water moccasin!
Fedhas appreciates your contribution to the ecosystem.
Your Poison Magic skill increases to level 3!
You see here a water moccasin corpse.
Things that are here:
a +0 club; 26 stones; the +1 robe of Lies {Int+2}
x - a throwing net
Found 12 gold pieces.
You now have 89 gold pieces (gained 12).
You see here 9 arrows.
Found a green potion.
i - 2 green potions (gained 1)
Found a book of Necromancy.
Here: a shadow (wandering, hasn't noticed you)
The floor.
Unknown command.
Aim: a shadow (wandering, hasn't noticed you, 79% to hit)
The searing ray hits the shadow! (Press . to maintain the ray.)
The searing ray hits the shadow.
The shadow slips into darkness.
The shadow flickers and vanishes!
Deactivating autopickup; reactivate with Ctrl-A.
The searing ray hits something.
You finish channeling your searing ray.
The shadow strikes at you from the darkness!
Reactivating autopickup.
Aim: a shadow (heavily damaged, 79% to hit)
The searing ray hits the shadow. (Press . to maintain the ray.)
The shadow slips into darkness.
The shadow flickers and vanishes!
Deactivating autopickup; reactivate with Ctrl-A.
The shadow strikes at you from the darkness!
* * * LOW HITPOINT WARNING * * *
Reactivating autopickup.
The searing ray hits the shadow.
The shadow hits you!
* * * LOW HITPOINT WARNING * * *
The searing ray hits the shadow.
You finish channeling your searing ray.
The shadow slips into darkness.
The shadow flickers and vanishes!
Deactivating autopickup; reactivate with Ctrl-A.
The shadow strikes at you from the darkness!
Ouch! That really hurt!
You die...
Fedhas appreciates your contribution to the ecosystem.

####.......(....#
..........#####.#
######.#### #.##
#. # #.# #..# #.
# #<# ##.# #. #
#.# #.# ####. #
#)# #.# #.... ###
#.# #.# #....
..####.# #@#
#.... .).....#
#.# #....
#.###### #.#
#.... #.# #.#
#.?.. #.# #.#
#.... #.# #.#
##.## ..# #.#
#...# ####### ...
... .. .......
.#. ###....


There were no monsters in sight!

Vanquished Creatures
  Sigmund (D:3)
  A water moccasin (D:5)
  2 ogres (D:5)
  A water moccasin zombie (D:5)
  A bullfrog (D:5)
  A jelly (D:5)
  An orc priest (D:3)
  Jessica (D:3)
  Natasha (thrice) (D:3)
  An iguana (D:5)
  2 orc wizards (D:4)
  2 hound skeletons
  3 adders
  A white imp (D:5)
  3 ufetubi
  2 worms (D:2)
  2 dart slugs
  11 orcs
  5 ball pythons
  3 endoplasms
  2 giant cockroaches (D:4)
  5 goblins
  4 hobgoblins (D:4)
  4 jackals (D:2)
  2 quokkas
  2 bats
  5 frilled lizards
  4 kobolds
  A quokka skeleton (D:4)
  2 rats (D:1)
78 creatures vanquished.

Notes
Turn   | Place    | Note
-------+----------+-------------------------------------------
     0 | D:1      | Lochraine the Octopode Conjurer began the quest for the
                  | Orb.
     0 | D:1      | Reached XP level 1. HP: 11/11 MP: 3/3
   189 | D:1      | Reached skill level 3 in Stealth
   197 | D:1      | Reached XP level 2. HP: 7/17 MP: 3/5
   727 | D:1      | Learned a level 2 spell: Searing Ray
  1211 | D:2      | Reached XP level 3. HP: 21/21 MP: 1/6
  1360 | D:2      | Found a shimmering altar of Xom.
  2336 | D:3      | Noticed Sigmund
  2374 | D:3      | Noticed Natasha
  2457 | D:3      | Killed Sigmund
  2458 | D:3      | Reached skill level 5 in Stealth
  2458 | D:3      | Reached skill level 5 in Conjurations
  2458 | D:3      | Reached XP level 4. HP: 20/27 MP: 3/9
  2458 | D:3      | Reached XP level 5. HP: 23/31 MP: 3/10
  2459 | D:3      | You fall into a shaft and drop 3 floors!
  2532 | D:6      | Noticed a necrophage
  2560 | D:6      | Noticed a black bear
  2577 | D:5      | Entered Level 5 of the Dungeon
  2663 | D:5      | Reached XP level 6. HP: 23/36 MP: 2/11
  2736 | D:5      | Learned a level 3 spell: Dazzling Flash
  2759 | D:5      | Learned a level 2 spell: Poisonous Vapours
  2786 | D:5      | Noticed a shadow
  2798 | D:6      | Noticed a water moccasin
  3126 | D:3      | Noticed Jessica
  3131 | D:3      | Killed Jessica
  3132 | D:3      | Reached skill level 1 in Poison Magic
  3308 | D:3      | Killed Natasha
  3309 | D:3      | Reached skill level 1 in Hexes
  3368 | D:3      | Reached skill level 6 in Stealth
  3498 | D:3      | Noticed Natasha
  3519 | D:3      | Found a faded altar of an unknown god.
  3573 | D:3      | Reached XP level 7. HP: 41/41 MP: 8/13
  3627 | D:3      | Learned a level 4 spell: Olgreb's Toxic Radiance
  3634 | D:3      | Killed Natasha
  3924 | D:3      | Noticed Natasha
  3927 | D:3      | Killed Natasha
  4080 | D:4      | Found a staircase to the Ecumenical Temple.
  4089 | Temple   | Entered the Ecumenical Temple
  4244 | Temple   | Became a worshipper of Fedhas Madash
  4304 | D:4      | Found Zin's Purification Station.
  4307 | D:4      | Found a glowing silver altar of Zin.
  4587 | D:4      | Learned a level 1 spell: Sting
  4599 | D:4      | Found an ornate altar of the Wu Jian Council.
  5002 | D:4      | Bought a potion of curing for 90 gold pieces
  5398 | D:5      | Reached skill level 1 in Transmutations
  5398 | D:5      | Reached skill level 1 in Invocations
  5532 | D:5      | Identified the +1 robe of Lies {Int+2}
  5542 | D:5      | Reached XP level 8. HP: 46/46 MP: 6/14
  5788 | D:5      | Annihilated by a shadow

Illustrated notes

Levels and vault maps discovered:
D:1:      eino_arrival_tree_alley, layout_loops_ring, minmay_misc_feat_x
D:2:      layout_basic, serial_rivers, chequers_serial_rivers_large_b,
          chequers_serial_rivers_marsh, chequers_serial_rivers_room_a,
          chequers_serial_rivers_micro_e, chequers_serial_rivers_marsh,
          chequers_serial_rivers_large_a, basic_altar
D:3:      layout_rooms, basic_ecumenical_altar, uniq_jessica, uniq_natasha,
          uniq_sigmund
D:4:      layout_cave_pools, nzn_wu_jian_contemplation, zin_purify,
          minmay_temple_entry_gardened_gates
D:5:      layout_loops_ring, serial_shops, kennysheep_mini_moat,
          mrwooster_statue_mirror
D:6:      layout_gridville, nicolae_ru_path_of_blood,
          lemuel_mausoleum_altar_yredelemnul, uniq_edmund
D:7:      layout_basic, cheibriados_altar_1
Temple:   nicolae_temple_figure_zero

Skill      XL: |  1  2  3  4  5  6  7  8 |
---------------+-------------------------+-----
Stealth        | 3 5 6 |  6.3
Spellcasting   | 3 4 |  4.4
Conjurations   | 5 |  5.9
Poison Magic   | 1 2 3 |  3.0
Hexes          | 1 2 |  2.4
Transmutations | 1 |  1.4
Invocations    | 1 |  1.6
Dodging        | |  2.6

Action                   |  1- 3 |  4- 6 |  7- 9 || total
-------------------------+-------+-------+-------++-------
Melee: Unarmed           |     7 |       |       ||     7
       Short sword       |     5 |       |       ||     5
       Constrict         |     6 |     6 |     7 ||    19
       Tentacles         |     3 |     1 |     2 ||     6
       Long sword        |    18 |    16 |     7 ||    41
       Staff             |       |       |    10 ||    10
Throw: Throwing net      |       |     1 |       ||     1
 Cast: Magic Dart        |    15 |     8 |    57 ||    80
       Searing Ray       |     6 |     8 |    14 ||    28
       Sting             |       |       |     1 ||     1
       Poisonous Vapours |       |       |     1 ||     1
  Use: Scroll            |       |     1 |       ||     1
 Stab: Sleeping          |     6 |     2 |     2 ||    10
Armor: Skin              |     2 |     2 |       ||     4
Dodge: Dodged            |    20 |    26 |    30 ||    76
       Rpst.: Long sword |     3 |     5 |     5 ||    13

Table legend: (Time is in decaauts)
 A = Elapsed time spent in this place.
 B = Non-inter-level travel time spent in this place.
 C = Inter-level travel time spent in this place.
 D = Time resting spent in this place.
 E = Time spent auto-exploring this place.
 F = Levels seen in this place.
 G = Mean time per level.
                   A        B        C        D        E       F      G
               +--------+--------+--------+--------+--------+-----+--------+
         Total |   5812 |   5560 |    252 |   1251 |   3276 |   8 |  726.5 |
       Dungeon |   5645 |   5444 |    201 |   1251 |   3163 |   7 |  806.4 |
        Temple |    166 |    115 |     51 |      0 |    113 |   1 |  166.0 |
               +--------+--------+--------+--------+--------+-----+--------+

Top non-repeatable levels by time:
     D:2: 1268 daAuts
     D:1: 1185 daAuts
     D:3: 1048 daAuts
     D:5: 1032 daAuts
     D:4: 990 daAuts
  Temple: 166 daAuts
     D:6: 118 daAuts
     D:7: 1 daAuts
